 Dungeon Crawl Stone Soup version 0.26-a0-710-g95a0c6c400 (webtiles) character file.

Game seed: 1211125392740787754

112 Ijustatesigmund the Skirmisher (level 4, -7/63 HPs)
             Began as a Hill Orc Fighter on Oct 30, 2020.
             Mangled by an ogre
             ... wielding a +0 giant club
              (12 damage)
             ... on level 3 of the Dungeon.
             The game lasted 00:05:41 (2635 turns).

Ijustatesigmund the Skirmisher (Hill Orc Fighter)   Turns: 2635, Time: 00:05:41

Health: -7/63      AC: 10    Str: 18    XL:     4   Next: 95%
Magic:  13/13      EV:  7    Int:  8    God:
Gold:   171        SH:  9    Dex: 11    Spells: 3/3 levels left

rFire    . . .     SeeInvis .   a - +1 war axe
rCold    . . .     Faith    .   c - +0 kite shield
rNeg     . . .     Spirit   .   b - +0 scale mail
rPois    .         Reflect  .   (no helmet)
rElec    .         Harm     .   p - +2 cloak
rCorr    .         Rampage  .   (no gloves)
MR       .....                  (no boots)
Stlth    ..........             (no amulet)
HPRegen  0.20/turn              (no ring)
MPRegen  0.13/turn              o - ring of magical power

@: berserking, very quick
A: no striking features
a: no special abilities


You were on level 3 of the Dungeon.
You visited 1 branch of the dungeon, and saw 4 of its levels.

You collected 171 gold pieces.

Inventory:

Hand Weapons
 a - a +1 war axe (weapon)
Armour
 b - a +0 scale mail (worn)
 c - a +0 kite shield (worn)
 p - a +2 cloak (worn)
Jewellery
 m - an uncursed ring of see invisible
 o - a ring of magical power (right hand)
Scrolls
 f - 3 scrolls of teleportation
 g - 3 scrolls of remove curse
 i - a scroll of enchant weapon
 k - a scroll of amnesia {unknown}
 q - a scroll of blinking {unknown}
 r - a scroll of identify
Potions
 d - a potion of might
 h - a potion of resistance
 j - 3 potions of curing
 l - a potion of ambrosia {unknown}
 n - a potion of heal wounds {unknown}


   Skills:
 + Level 5.3 Fighting
 + Level 5.0 Axes
 - Level 3.2 Armour
 - Level 3.2 Shields


You had 3 spell levels left.
You didn't know any spells.
Your spell library was empty.

Dungeon Overview and Level Annotations

Branches:
Dungeon (4/15)
 Temple: D:4-7

Altars:
Hepliaklqana


Message History

There is a stone staircase leading down here.
You completely miss the ogre.
The ogre is lightly wounded.
The ogre hits you with a +0 giant club!
You hit the ogre.
The ogre is moderately wounded.
The ogre barely misses you.
Your scale mail prevents you from hitting the ogre.
The ogre is moderately wounded.
The ogre hits you with a +0 giant club!
You hit the ogre but do no damage.
The ogre is moderately wounded.
The ogre hits you with a +0 giant club. The ogre hits you with a +0 giant club!
* * * LOW HITPOINT WARNING * * *
You hit the ogre.
The ogre is heavily wounded.
A red film seems to cover your vision as you go berserk!
You feel yourself moving faster!
You feel mighty! The ogre hits you with a +0 giant club!
You die...

#.#
#....##.#.#
#.#
#....##.#.#
#.#
#######.#.#
#.#
#.#.#######
#.#
#.........#
#.#
##........#
#.#
#........#
#.#
##.#######
######
#.########
#@# #.....
#.#......#
#O# #.####
##.#......#
#.# #.#
#.........#
#.# #.#
#.......###
#.# #.#
#.......#
#.# #.#
#.......#
#.# #.#
#.......#
####.# #.#
##'######
#<##.#
########.#


You could see an ogre.

Vanquished Creatures
  5 adders
  A worm (D:2)
  A dart slug (D:2)
  2 orcs
  A giant cockroach (D:1)
  6 goblins
  5 hobgoblins
  7 jackals
  7 kobolds
  2 quokkas (D:2)
  2 ball pythons
  11 bats
  4 frilled lizards
  7 rats
61 creatures vanquished.

Notes
Turn   | Place    | Note
-------+----------+-------------------------------------------
     0 | D:1      | Ijustatesigmund the Hill Orc Fighter began the quest for
                  | the Orb.
     0 | D:1      | Reached XP level 1. HP: 19/19 MP: 1/1
   234 | D:1      | Reached XP level 2. HP: 27/27 MP: 2/2
   889 | D:2      | Reached XP level 3. HP: 34/34 MP: 3/3
  1285 | D:2      | Reached XP level 4. HP: 41/41 MP: 4/4
  1562 | D:2      | Reached skill level 5 in Fighting
  2073 | D:3      | Found a hazy altar of Hepliaklqana.
  2484 | D:3      | Reached skill level 5 in Axes
  2619 | D:4      | Noticed an ogre
  2620 | D:4      | Noticed a lemure
  2622 | D:4      | Noticed a lemure
  2635 | D:3      | Mangled by an ogre

Illustrated notes

Levels and vault maps discovered:
D:1:      roderic_chinese_lattice_arrival, layout_loops_corners
D:2:      layout_loops_ring
D:3:      layout_basic, lemuel_crystal_altar
D:4:      layout_gridville, uniq_grinder, uniq_pikel, uniq_purgy

Skill      XL: |  1  2  3  4 |
---------------+-------------+-----
Axes           | 3 4 5 |  5.0
Fighting       | 4 5 |  5.3
Armour         | |  3.2
Shields        | |  3.2

Action                   |  1- 3 |  4- 6 || total
-------------------------+-------+-------++-------
Melee: War axe           |    87 |   108 ||   195
  Use: Scroll            |     1 |     5 ||     6
       Potion            |       |     1 ||     1
Armor: Scale mail        |    42 |    60 ||   102
Dodge: Dodged            |    26 |    42 ||    68
Block: Kite shield       |    39 |    63 ||   102

Table legend: (Time is in decaauts)
 A = Elapsed time spent in this place.
 B = Non-inter-level travel time spent in this place.
 C = Inter-level travel time spent in this place.
 D = Time resting spent in this place.
 E = Time spent auto-exploring this place.
 F = Levels seen in this place.
 G = Mean time per level.
                   A        B        C        D        E       F      G
               +--------+--------+--------+--------+--------+-----+--------+
         Total |   2706 |   2648 |     58 |    231 |   1954 |   4 |  676.5 |
       Dungeon |   2706 |   2648 |     58 |    231 |   1954 |   4 |  676.5 |
               +--------+--------+--------+--------+--------+-----+--------+

Top non-repeatable levels by time:
     D:2: 1006 daAuts
     D:1: 876 daAuts
     D:3: 809 daAuts
     D:4: 14 daAuts
